 Dungeon Crawl Stone Soup version 0.31-a0-1159-g800acc2fd1 (webtiles) character file.

Game seed: 12813027008991042788

11893 James the Metamorph (level 11, -6/77 HPs)
             Began as a Merfolk Shapeshifter on Dec 8, 2023.
             Was a Priest of Qazlal.
             Mangled by a cyclops (29 damage)
             ... on level 12 of the Dungeon.
             The game lasted 00:37:58 (11712 turns).

James the Metamorph (Merfolk Shapeshifter)         Turns: 11712, Time: 00:37:59

Health: -6/77      AC: 10    Str: 19    XL:     11   Next: 84%
Magic:  11/11      EV: 14    Int: 10    God:    Qazlal [***...]
Gold:   683        SH:  4    Dex: 13    Spells: 10/10 levels left

rFire   . .          .
                       - Unarmed
rCold   . . .        (shield currently unavailable)
rNeg    . . .        V - +0 troll leather armour
rPois   .            u - +2 helmet
rElec   .            o - +0 cloak
rCorr   .            (gloves currently unavailable)
SInv    .            (no boots)
Will    .....        (no amulet)
Stlth   +            z - +4 ring of protection
HPRegen 1.12/turn    (no ring)
MPRegen 0.12/turn

%: no passive effects
@: blade hands, studying Hexes
A: (nimble swimmer 2), mertail
a: Begin Untransformation, Renounce Religion, Upheaval, Elemental Force


You were on level 12 of the Dungeon.
You worshipped Qazlal.
Qazlal was most pleased with you.
You had blades for hands.
You visited 2 branches of the dungeon, and saw 13 of its levels.
You also visited: Ossuary.

You collected 788 gold pieces.
You spent 105 gold pieces at shops.

Inventory:

Hand Weapons
 h - a +3 antimagic spear
   (You took it off a gnoll on level 5 of the Dungeon)
 i - a +1 heavy sling
   (You found it on level 1 of the Dungeon)
 S - a +3 trident of draining
   (You took it off Jeremiah on level 7 of the Dungeon)
Missiles
 l - 5 javelins
 L - 23 poisoned darts (quivered)
 Z - 2 throwing nets {!f}
Armour
 a - a +1 robe of positive energy
   (You found it on level 4 of the Dungeon)
 e - a +0 robe
   (You took it off Sigmund on level 2 of the Dungeon)
 o - a +0 cloak (worn)
   (You found it on level 9 of the Dungeon)
 q - a +0 robe
   (You took it off an orc wizard on level 7 of the Dungeon)
 r - a +0 kite shield
   (You found it on level 9 of the Dungeon)
 u - a +2 helmet (worn)
   (You found it on level 6 of the Dungeon)
 y - a +0 plate armour
   (You found it on level 3 of the Dungeon)
 C - a +1 robe of cold resistance
   (You took it off Fannar on level 11 of the Dungeon)
 E - a +2 plate armour of cold resistance
   (You took it off an orc warrior on level 10 of the Dungeon)
 G - a +0 leather armour of poison resistance
   (You took it off an orc priest on level 7 of the Dungeon)
 I - +0 acid dragon scales
   (You found it on level 10 of the Dungeon)
 J - a +0 leather armour
   (You took it off a gnoll bouda on level 8 of the Dungeon)
 N - a +0 buckler
   (You took it off an orc on level 6 of the Dungeon)
 O - the +1 leather armour of the Foremost Tales {Rampage rF+}
   (You found it on level 8 of the Dungeon)

   rF+:       It protects you from fire.
   Rampage:   It bestows one free step when moving towards enemies.
 P - a +0 scale mail
   (You took it off a gnoll sergeant on level 8 of the Dungeon)
 Q - a +0 robe
   (You took it off a wight on level 8 of the Dungeon)
 T - an orb of mayhem
   (You took it off Jeremiah on level 7 of the Dungeon)
 V - a +0 troll leather armour (worn)
   (You found it on level 6 of the Dungeon)
Magical Staves
 K - a staff of air
   (You took it off a kobold on level 7 of the Dungeon)
Jewellery
 w - a ring of ice
   (You found it on level 3 of the Dungeon)
 z - a +4 ring of protection (left blade hand)
   (You found it on level 3 of the Dungeon)
Talismans
 c - a beast talisman
 d - a flux talisman
 k - a blade talisman (active)
   (You found it on level 4 of the Dungeon)
 M - a maw talisman
   (You found it on level 7 of the Dungeon)
Wands
 p - a wand of mindburst (14)
   (You took it off a wight on level 6 of the Dungeon)
 t - a wand of flame (23)
   (You found it on level 8 of the Dungeon)
 v - a wand of digging (5)
   (You found it on level 7 of the Dungeon)
 H - a wand of roots (8)
   (You took it off a gnoll on level 8 of the Dungeon)
Scrolls
 b - a scroll of enchant armour
 g - 8 scrolls of teleportation {@r4}
 n - 3 scrolls of revelation
 s - a scroll of summoning
 F - a scroll of enchant weapon
Potions
 f - 2 potions of might {unknown}
 j - 2 potions of heal wounds {@q2}
 m - 18 potions of curing {@q1}
 x - 3 potions of mutation {!q}
 A - a potion of ambrosia
 B - a potion of cancellation
 D - 2 potions of berserk rage
 R - a potion of invisibility
 U - a potion of attraction {!q}
 W - a potion of lignification {!q}
 X - 3 potions of brilliance
 Y - 4 potions of haste {@q3}


   Skills:
 - Level 4.0 Fighting
 - Level 6.0 Dodging
 - Level 10.0 Unarmed Combat
 + Level 18.4 Shapeshifting


You had 10 spell levels left.
You didn't know any spells.
Your spell library contained the following spells:

 Spells                   Type           Power      Damage    Failure   Level
 Magic Dart               Conj           0%         1d3       41%         1
 Call Imp                 Summ           0%         N/A       56%         2
 Call Canine Familiar     Summ           0%         N/A       80%         3
 Frozen Ramparts          Ice            0%         1d1       80%         3
 Mephitic Cloud           Conj/Pois/Air  0%         N/A       80%         3
 Sigil of Binding         Hex            0%         N/A       80%         3
 Anguish                  Hex/Necr       0%         N/A       99%         4
 Cause Fear               Hex            0%         N/A       99%         4
 Dimensional Bullseye     Hex/Tloc       0%         N/A       99%         4
 Leda's Liquefaction      Hex/Erth       0%         N/A       99%         4
 Petrify                  Tmut/Erth      0%         N/A       99%         4
 Metabolic Englaciation   Hex/Ice        0%         N/A       100%        5
 Enfeeble                 Hex            0%         N/A       100%        7


Dungeon Overview and Level Annotations

Branches:
Dungeon (12/15)            Temple (1/1) D:4            Lair (0/5) D:8
    Orc (0/2) D:11        Ossuary (visited)

Altars:
Ashenzari
Cheibriados
Dithmenos
Elyvilon
Fedhas
Gozag
Hepliaklqana
Kikubaaqudgha
Makhleb
Nemelex Xobeh
Okawaru
Qazlal
Ru
Sif Muna
Trog
Uskayaw
Vehumet
Wu Jian
Xom
Yredelemnul
Zin
The Shining One

Shops:
D:1 =   D:6 *   D:9 [[:=

Portals:
Trove: D:10 (show slimy rune of Zot)

Annotations:
D:10 2 runed translucent doors


Innate Abilities, Weirdness & Mutations

You have blades for hands.
You are incapable of wielding weapons or throwing items.
((You are very nimble when in or above water. (Stealth+, EV+, Speed+++)))
Your lower body shifts to a powerful aquatic tail in water.


Message History

The slime creature hits you. The slime creature hits you!
A vampire comes into view.
You slash the slime creature! Your slash misses the slime creature.
The slime creature hits you!
Two slime creatures merge to form a large slime creature.
You block the slime creature's attack.
You slash the slime creature! The slime creature hits you!
* * * LOW HITPOINT WARNING * * *
You hear a shout!
The slime creature attacks as it pursues you!
The slime creature closely misses you. The vampire hits you!
* * * LOW HITPOINT WARNING * * *
The vampire misses you.
You slice the vampire!! You barely miss the vampire.
The slime creature completely misses you.
A large slime creature splits.
Two slime creatures merge to form a large slime creature.
The vampire casts a spell at you. You resist with some effort.
Unknown command.
You closely miss the vampire. The vampire casts a spell at you.
You resist with some effort. The slime creature closely misses you.
You closely miss the vampire.
Two slime creatures merge to form a large slime creature.
The vampire draws life force from you!
* * * LOW HITPOINT WARNING * * *
The vampire is healed by the life force!
You barely miss the vampire.
A large slime creature splits.
You block the vampire's attack. The vampire closely misses you.
Unknown command.
You slash the vampire! You slash the vampire!
You destroy the vampire!
Qazlal accepts your kill.
Two slime creatures merge to form a very large slime creature.
Unknown command.
A cyclops comes into view.
The cyclops shouts!
Two slime creatures merge to form an enormous slime creature.
The cyclops throws a large rock.
The large rock hits you!
* * * LOW HITPOINT WARNING * * *
You hear a shout!
A kobold demonologist comes into view. It is wielding a +0 dagger.
The kobold demonologist shouts!
The cyclops closely misses you.
You hear a shout! x2
The cyclops hits you!!
You die...

#.##.. ...... ......
...... ....###### .
....K.. ..
###C.####### ..#.###
#..@<......#
.......####J#........#
............#.........
.......######.........
....... ..........
....... ##......[.#
...>... #........#
....... #........#
....... #.....>..


You could see an enormous slime creature, a cyclops and a kobold demonologist.

Vanquished Creatures
  Fannar (D:11)
  3 two-headed ogres
  Pikel (D:7)
  2 manticores
  A gargoyle (D:9)
  Jeremiah (D:7)
  3 trolls
  A hornet (D:9)
  Sigmund (D:2)
  A vampire (D:12)
  A yak (D:8)
  A wyvern (D:10)
  2 acid dragons
  4 water moccasins
  3 sky beasts
  2 ice beasts
  7 black bears
  4 orc warriors
  3 ogres
  9 centaurs
  A phantom (D:5)
  3 lemures
  4 kobold brigands
  An elf zombie (D:5)
  5 bullfrogs
  A gnoll sergeant (D:8)
  4 scorpions
  9 water moccasin zombies (Ossuary)
  4 elf skeletons (D:5)
  4 wights
  5 killer bees (D:8)
  3 jellies
  3 gnoll boudas
  A human zombie (D:5)
  3 hounds
  2 spectral scorpions (Ossuary)
  4 orc priests
  2 iguanas
  5 orc wizards
  2 sleepcaps
  2 mummies (Ossuary)
  16 gnolls
  6 adders
  A shadow imp (D:4)
  A white imp (D:8)
  4 ufetubi
  6 adder zombies (Ossuary)
  A worm (D:4)
  3 dart slugs
  21 orcs
  3 ball pythons
  3 bats
  2 endoplasms (D:1)
  2 giant cockroaches
  2 goblins (D:1)
  5 hobgoblins
  7 jackals
  5 quokkas
  6 frilled lizards
  3 gnoll zombies (Ossuary)
  A hobgoblin zombie (Ossuary)
  32 kobolds
  5 kobold zombies (Ossuary)
  7 orc zombies (Ossuary)
  4 rats
265 creatures vanquished.

Vanquished Creatures (others)
  An air elemental (D:10)
  A water elemental (D:10)
2 creatures vanquished.

Grand Total: 267 creatures vanquished

Notes
Turn   | Place    | Note
-------+----------+-------------------------------------------
     0 | D:1      | James the Merfolk Shapeshifter began the quest for the Orb.
     0 | D:1      | Reached XP level 1. HP: 15/15 MP: 1/1
    51 | D:1      | Found Gucoanuu's Jewellery Shoppe.
   134 | D:1      | Reached XP level 2. HP: 17/21 MP: 2/2
   714 | D:1      | Reached XP level 3. HP: 27/27 MP: 3/3
  1250 | D:2      | Reached XP level 4. HP: 13/33 MP: 4/4
  1484 | D:2      | Noticed Sigmund
  1733 | D:2      | Reached skill level 5 in Unarmed Combat
  1919 | D:2      | Reached XP level 5. HP: 27/38 MP: 5/5
  2658 | D:4      | Noticed an ogre
  2660 | D:4      | Noticed an ogre
  2664 | D:4      | Found a staircase to the Ecumenical Temple.
  2701 | D:3      | Killed an ogre
  2702 | D:3      | Reached XP level 6. HP: 44/44 MP: 6/6
  2864 | Temple   | Entered the Ecumenical Temple
  3069 | D:4      | Noticed a black bear
  3079 | D:4      | Killed a black bear
  3080 | D:4      | Reached XP level 7. HP: 47/50 MP: 7/7
  3208 | D:4      | Reached skill level 5 in Shapeshifting
  3447 | D:4      | Reached skill level 6 in Shapeshifting
  3678 | D:5      | Entered Level 5 of the Dungeon
  3805 | D:5      | Reached skill level 7 in Shapeshifting
  4021 | D:5      | Reached XP level 8. HP: 56/56 MP: 8/8
  4053 | D:5      | Reached skill level 8 in Shapeshifting
  4113 | D:5      | Found a sand-covered staircase.
  4131 | Ossuary  | Entered an ossuary
  4161 | Ossuary  | Reached skill level 9 in Shapeshifting
  4258 | Ossuary  | Reached skill level 10 in Shapeshifting
  4399 | Ossuary  | Reached skill level 5 in Dodging
  4399 | Ossuary  | Reached XP level 9. HP: 58/65 MP: 9/9
  4866 | D:5      | You fall into a shaft and drop 3 floors!
  5195 | D:7      | Found a blossoming altar of Fedhas.
  5197 | D:7      | Found a snail-covered altar of Cheibriados.
  5198 | D:7      | Found a bloodstained altar of Trog.
  5203 | D:7      | Found a sacrificial altar of Ru.
  5205 | D:7      | Found an iron altar of Okawaru.
  5207 | D:7      | Found a shimmering altar of Xom.
  5208 | D:7      | Found a hide-covered altar of Uskayaw.
  5210 | D:7      | Found a glowing golden altar of the Shining One.
  5213 | D:7      | Found an ancient bone altar of Kikubaaqudgha.
  5214 | D:7      | Found a stormy altar of Qazlal.
  5218 | D:7      | Became a worshipper of Qazlal Stormbringer
  5533 | D:7      | Reached skill level 10 in Unarmed Combat
  5890 | D:7      | Noticed Jeremiah
  5900 | D:7      | Killed Jeremiah
  5901 | D:7      | Reached skill level 11 in Shapeshifting
  6122 | D:5      | Reached XP level 10. HP: 60/71 MP: 10/10
  6206 | D:6      | Reached skill level 12 in Shapeshifting
  6386 | D:6      | Found Weynuup's Assorted Antiques.
  6405 | D:6      | Bought a scroll of identify for 54 gold pieces
  6405 | D:6      | Bought a scroll labelled ETOAWNIMEATT for 27 gold pieces
  6405 | D:6      | Bought a black potion for 24 gold pieces
  6460 | D:6      | Reached * piety under Qazlal
  6535 | D:6      | Reached skill level 13 in Shapeshifting
  6984 | D:7      | Found an opulent altar of Gozag.
  7044 | D:7      | Noticed a manticore
  7056 | D:7      | Killed a manticore
  7063 | D:7      | Reached skill level 14 in Shapeshifting
  7155 | D:7      | Noticed Pikel
  7164 | D:7      | Found a broken altar of Ashenzari.
  7232 | D:7      | Killed Pikel
  7574 | D:8      | Reached ** piety under Qazlal
  7668 | D:8      | Identified the +1 leather armour of the Foremost Tales
                  | {Rampage rF+}
  7866 | D:8      | Found a staircase to the Lair.
  7876 | D:8      | Reached skill level 15 in Shapeshifting
  7927 | D:8      | Reached XP level 11. HP: 72/77 MP: 11/11
  8773 | D:2      | Killed Sigmund
  8884 | D:9      | Found Qaaciby's Jewellery Emporium.
  8906 | D:9      | Reached skill level 16 in Shapeshifting
  9060 | D:9      | Found Voestoakh's Armour Shoppe.
  9075 | D:9      | Found Avysughi's Armour Shop.
  9097 | D:9      | Found Unoneth's Book Boutique.
  9486 | D:9      | Paralysed by a hornet for 2 turns
  9826 | D:10     | Entered Level 10 of the Dungeon
  9838 | D:10     | Noticed a two-headed ogre
  9843 | D:10     | Killed a two-headed ogre
 10028 | D:10     | Found a portal to a secret trove of treasure.
 10041 | D:10     | Reached *** piety under Qazlal
 10066 | D:10     | Found a shadowy altar of Dithmenos.
 10379 | D:10     | Found a large runed translucent door.
 10379 | D:10     | Noticed an orc sorcerer
 10380 | D:10     | Found a large runed translucent door.
 10380 | D:10     | Noticed an orc sorcerer
 10382 | D:10     | Noticed an orc knight
 10730 | D:11     | Noticed a two-headed ogre
 10736 | D:11     | Killed a two-headed ogre
 10737 | D:11     | Reached skill level 17 in Shapeshifting
 10789 | D:11     | Noticed Fannar
 10805 | D:11     | Killed Fannar
 10811 | D:11     | Found a staircase to the Orcish Mines.
 11072 | D:11     | Noticed a two-headed ogre
 11078 | D:11     | Killed a two-headed ogre
 11079 | D:11     | Reached skill level 18 in Shapeshifting
 11685 | D:12     | Noticed a manticore
 11688 | D:12     | Killed a manticore
 11708 | D:12     | Noticed a cyclops
 11712 | D:12     | Mangled by a cyclops

Illustrated notes

Levels and vault maps discovered:
D:1:      matt_arrival_los_fun, layout_basic, serial_shops, shop,
          lexackson_kobold_supper
D:2:      layout_basic, minmay_pentomino_w2, uniq_sigmund
D:3:      layout_rooms
D:4:      minmay_skewed_foursquare, layout_basic, minmay_temple_entry_slanted
D:5:      layout_basic, nicolae_ossuary_entry_catacombs
D:6:      layout_basic, serial_shops, shop
D:7:      layout_basic, nicolae_overflow_hallway_of_the_gods,
          nicolae_ashenzari_skybound, mainiacjoe_overflow_brackets,
          minmay_manual_moon, uniq_jeremiah, uniq_pikel
D:8:      layout_basic, due_lair_maze_entry_diamond
D:9:      layout_gridville, serial_shops, nicolae_shop_tiny_glass,
          nicolae_shop_real_fake_doors, nicolae_inconvenience_store, shop_coins
D:10:     layout_loops_ring, amcnicky_altar_gilded,
          nicolae_trove_entry_isolated, kennysheep_nondescript,
          lightli_elemental_guards
D:11:     layout_basic, david_orc_2, uniq_fannar
D:12:     layout_rooms, minivault_23
Temple:   compressed_dpeg_triangle_lava_temple

Skill      XL: |  1  2  3  4  5  6  7  8  9 10 11 |
---------------+----------------------------------+-----
Dodging        | 3 4 5 6 |  6.0
Unarmed Combat | 4 5 6 7 8 10 | 10.0
Fighting       | 2 3 4 |  4.0
Shapeshifting  | 7 10 11 15 18 | 18.4

Action                     |  1- 3 |  4- 6 |  7- 9 | 10-12 || total
---------------------------+-------+-------+-------+-------++-------
  Melee: Unarmed           |   118 |    88 |   315 |   279 ||   800
         Punch             |       |     1 |    16 |     8 ||    25
  Throw: Stone             |       |     1 |       |       ||     1
    Use: Potion            |     1 |     1 |       |       ||     2
         Scroll            |       |     9 |     3 |    10 ||    22
   Stab: Sleeping          |       |       |     1 |       ||     1
 Armour: Animal skin       |    15 |       |       |       ||    15
         Leather armour    |    38 |    21 |       |       ||    59
         Skin              |    29 |    10 |       |       ||    39
         Ring mail         |       |    16 |    60 |       ||    76
         Robe              |       |       |    85 |    38 ||   123
         Troll leather arm |       |       |       |   131 ||   131
  Dodge: Dodged            |    60 |    50 |   161 |   158 ||   429
  Block: Other             |       |       |       |    25 ||    25
   Form: Blade             |       |       |     1 |       ||     1

Table legend: (Time is in decaauts)
 A = Elapsed time spent in this place.
 B = Non-inter-level travel time spent in this place.
 C = Inter-level travel time spent in this place.
 D = Time resting spent in this place.
 E = Time spent auto-exploring this place.
 F = Levels seen in this place.
 G = Mean time per level.
                   A        B        C        D        E       F      G
               +--------+--------+--------+--------+--------+-----+--------+
         Total |  11612 |  10612 |   1000 |   1186 |   6620 |  14 |  829.4 |
       Dungeon |  11205 |  10205 |   1000 |   1068 |   6530 |  12 |  933.8 |
        Temple |      3 |      3 |      0 |      0 |      0 |   1 |    3.0 |
       Ossuary |    404 |    404 |      0 |    118 |     90 |   1 |  404.0 |
               +--------+--------+--------+--------+--------+-----+--------+

Top non-repeatable levels by time:
     D:8: 1426 daAuts
     D:2: 1189 daAuts
     D:7: 1175 daAuts
     D:5: 1073 daAuts
     D:1: 1068 daAuts
     D:4: 1043 daAuts
     D:9: 997 daAuts
    D:11: 933 daAuts
    D:10: 838 daAuts
     D:6: 727 daAuts
     D:3: 706 daAuts
 Ossuary: 404 daAuts
    D:12: 24 daAuts
  Temple: 3 daAuts
